 Dungeon Crawl Stone Soup version 0.27.1 (webtiles) character file.

Game seed: 12729749317029567355

1245 ZARRMARR the Martial Artist (level 8, -5/48 HPs)
             Began as an Octopode Transmuter on Aug 31, 2021.
             Was a Follower of Kikubaaqudgha.
             Shot with an arrow by a centaur (11 damage)
             ... on level 6 of the Dungeon.
             The game lasted 00:43:12 (9037 turns).

ZARRMARR the Martial Artist (Octopode Transmuter)   Turns: 9037, Time: 00:43:12

Health: -5/48      AC:  1    Str: 11    XL:     8   Next: 50%
Magic:  20/20      EV: 14    Int: 16    God:    Kikubaaqudgha [*.....]
Gold:   215        SH:  0    Dex: 12    Spells: 10/11 levels left

rFire    . . .     SeeInvis +     - Unarmed
rCold    . . .     Faith    .   (no shield)
rNeg     . . .     Spirit   .   (helmet restricted)
rPois    .         Reflect  .   (no amulet)
rElec    .         Harm     .   d - ring of magical power
rCorr    .         Rampage  .   f - ring of see invisible
Will     .....                  (no ring)
Stlth    ++........             (no ring)
HPRegen  0.16/turn              (no ring)
MPRegen  0.17/turn              (no ring)
                                (no ring)
                                (no ring)

@: no status effects
A: almost no armour, amphibious, 8 rings, camouflage 1, gelatinous body 1,
(nimble swimmer 1), tentacles
a: Renounce Religion, Receive Corpses


You were on level 6 of the Dungeon.
You worshipped Kikubaaqudgha.
Kikubaaqudgha was aware of your devotion.
You visited 2 branches of the dungeon, and saw 7 of its levels.
You also visited: Sewer.

You collected 215 gold pieces.

Inventory:

Missiles
 g - 9 poisoned darts
 l - a javelin (quivered)
Jewellery
 d - a ring of magical power (left tentacle)
 f - a ring of see invisible (right tentacle)
Wands
 o - a wand of acid (4)
Scrolls
 a - 2 scrolls of amnesia
 b - 3 scrolls of teleportation
 c - 2 scrolls of vulnerability
 k - a scroll of enchant weapon {unknown}
 p - 3 scrolls of brand weapon {unknown}
 r - a scroll of magic mapping {unknown}
Potions
 e - a potion of attraction
 h - 2 potions of ambrosia {unknown}
 i - a potion of invisibility {unknown}
 j - a potion of cancellation {unknown}
 m - 2 potions of brilliance {unknown}
 n - a potion of magic {unknown}
 q - a potion of curing


   Skills:
 - Level 1.0 Fighting
 + Level 4.5 Dodging
 + Level 9.6 Unarmed Combat
 - Level 2.0 Spellcasting
 - Level 2.0 Transmutations


You had 10 spell levels left.
You knew the following spells:

 Your Spells              Type           Power      Damage    Failure   Level
a - Beastly Appendage     Tmut           16%        N/A       9%          1

Your spell library contained the following spells:

 Spells                   Type           Power      Damage    Failure   Level
 Wereblood                Tmut           8%         N/A       14%         2
 Animate Skeleton         Necr           2%         N/A       21%         1
 Pain                     Necr           4%         1d4       21%         1
 Sublimation of Blood     Necr           0%         N/A       30%         2
 Spider Form              Tmut/Pois      2%         N/A       38%         3
 Vampiric Draining        Necr           0%         2d6       52%         3
 Ice Form                 Ice/Tmut       4%         N/A       80%         4


Dungeon Overview and Level Annotations

Branches:
Dungeon (6/15)             Temple (1/1) D:4           Sewer (visited)

Altars:
Ashenzari
Cheibriados
Gozag
Hepliaklqana
Kikubaaqudgha
Okawaru
Qazlal
Trog
Wu Jian
Xom
Yredelemnul
Zin
The Shining One

Shops:
D:4 [   D:6 =

Annotations:
D:5 Dowan, Ijyb


Innate Abilities, Weirdness & Mutations

You cannot wear most types of armour.
You are amphibious.
You can wear up to eight rings at the same time.
Your skin changes colour to match your surroundings (Stealth+).
Your rubbery body absorbs attacks. (AC +1, EV +1)
((You are camouflaged near water. (Stealth+)))
You have tentacles for arms and can constrict up to eight enemies at once.


Message History

Things that are here:
a +0 giant spiked club; a +0 flail A centaur is nearby!
Unknown command.
You now have 215 gold pieces (gained 14).
Things that are here:
a +0 falchion; an orc skeleton
Things that are here:
a +0 dagger; a +0 robe
g - 11 poisoned darts (gained 1)
The centaur shouts!
The centaur wields a +0 shortbow.
The centaur shoots an arrow.
The arrow completely misses you.
The centaur shoots an arrow.
The arrow closely misses you.
Throw: 11 darts (poison)
Press: ? - help, Q - select action, (/) - cycle Shift-Dir - straight line, f - centaur
Aim: a centaur, wielding a +0 shortbow and quivering arrows (68% to hit)
You throw a poisoned dart. The poisoned dart hits the centaur.
The centaur is poisoned.
The centaur shoots an arrow.
The arrow hits you!
Throw: 10 darts (poison)
Press: ? - help, Q - select action, (/) - cycle Shift-Dir - straight line, f/p - centaur
Aim: a centaur, wielding a +0 shortbow and quivering arrows (lightly wounded, poisoned, 68% to hit)
You throw a poisoned dart. The poisoned dart hits the centaur.
The centaur is lightly wounded.
The centaur shoots an arrow.
The arrow hits you!
The centaur shoots an arrow.
The arrow hits you.
* * * LOW HITPOINT WARNING * * *
The centaur shoots an arrow.
The arrow barely misses you.
You hear a shout!
Unknown command.
The centaur shoots an arrow.
The arrow hits you!
* * * LOW HITPOINT WARNING * * *
Throw: 2 javelins
Press: ? - help, Q - select action, (/) - cycle Shift-Dir - straight line, f/p - centaur
Aim: a centaur, wielding a +0 shortbow and quivering arrows (moderately wounded, 68% to hit)
You throw a javelin. The javelin barely misses the centaur.
The centaur shoots an arrow.
The arrow hits you!
You die...
Kikubaaqudgha rasps: "You have failed me!
Welcome... death!"

#.............##..>....#
##............#........#
#............#.........
##.(....)..........##..
#......###....^...##..
####......>..##.......
##.........#.......
#..................
###.@.......#....#...
##...#.......##.#####.
##...##..##...##.## .
#...c##............ .
#......#........... .
#.(##...............
#.####...............
###.#...............
#())..#..#..........


You could see a centaur.

Vanquished Creatures
  2 black bears
  An ogre (D:6)
  3 kobold brigands (Sewer)
  A scorpion (D:6)
  A bullfrog (D:6)
  2 jellies
  4 orc priests
  2 hounds
  A centaur skeleton (D:6)
  An iguana (D:4)
  2 orc wizards
  11 adders
  4 river rats (Sewer)
  A shadow imp (D:6)
  A white imp (D:6)
  2 adder skeletons (D:4)
  7 worms
  4 dart slugs
  13 orcs
  7 endoplasms
  8 giant cockroaches
  3 hobgoblins
  9 jackals
  15 kobolds
  9 quokkas
  8 ball pythons
  4 bats
  5 frilled lizards
  6 goblins
  2 rats (D:3)
139 creatures vanquished.

Vanquished Creatures (others)
  A butterfly (D:6)
  9 fungi (D:3)
  5 plants (D:3)
15 creatures vanquished.

Grand Total: 154 creatures vanquished

Notes
Turn   | Place    | Note
-------+----------+-------------------------------------------
     0 | D:1      | ZARRMARR the Octopode Transmuter began the quest for the
                  | Orb.
     0 | D:1      | Reached XP level 1. HP: 13/13 MP: 3/3
   408 | D:1      | Reached XP level 2. HP: 8/18 MP: 3/5
  2174 | D:2      | Reached XP level 3. HP: 23/23 MP: 5/6
  2312 | D:2      | Reached skill level 4 in Unarmed Combat
  2720 | D:2      | You fall into a shaft and drop 1 floor!
  3000 | D:2      | You fall into a shaft and drop 2 floors!
  3003 | D:4      | Found a shimmering altar of Xom.
  3020 | D:4      | Reached XP level 4. HP: 19/28 MP: 7/7
  3028 | D:4      | Reached skill level 5 in Unarmed Combat
  3063 | D:4      | Reached XP level 5. HP: 14/33 MP: 8/8
  3309 | D:4      | Found a glowing drain.
  3312 | D:4      | Reached skill level 6 in Unarmed Combat
  3317 | Sewer    | Entered a sewer
  3551 | Sewer    | Reached XP level 6. HP: 31/38 MP: 9/9
  4831 | Sewer    | Reached skill level 7 in Unarmed Combat
  5425 | Sewer    | Reached XP level 7. HP: 43/43 MP: 10/10
  5915 | D:4      | Found a staircase to the Ecumenical Temple.
  5951 | Temple   | Entered the Ecumenical Temple
  6350 | Temple   | Became a worshipper of Kikubaaqudgha
  6489 | D:4      | Found Loyck's Armour Emporium.
  6932 | D:3      | Reached skill level 8 in Unarmed Combat
  7663 | D:3      | Found a faded altar of an unknown god.
  8226 | D:5      | Entered Level 5 of the Dungeon
  8226 | D:5      | Noticed Ijyb
  8228 | D:5      | Noticed a yak
  8228 | D:5      | Noticed Dowan
  8230 | D:5      | Noticed a yak
  8350 | D:5      | Noticed a yak
  8374 | D:6      | Reached XP level 8. HP: 32/48 MP: 11/11
  8478 | D:6      | Found Navvad's Jewellery Emporium.
  8525 | D:6      | Reached * piety under Kikubaaqudgha
  8525 | D:6      | Received a gift from Kikubaaqudgha
  8526 | D:6      | Reached skill level 9 in Unarmed Combat
  9037 | D:6      | Shot with an arrow by a centaur

Illustrated notes

Levels and vault maps discovered:
D:1:      lightli_arrival_statuegarden, layout_loops_corners
D:2:      layout_basic
D:3:      layout_basic, shapermc_ecumenical_altar_hornbeckon
D:4:      layout_loops_ring, mainiacjoe_overflow_tiny_flanked,
          minmay_temple_entry_waves, gup_sewer_entry_pipe, serial_shops, shop
D:5:      layout_rooms, mainiacjoe_overflow_cross_hatched, serial_shops,
          nicolae_shop_behind_doors, uniq_duvessa, uniq_ijyb
D:6:      layout_cave_pools, nicolae_elyvilon_peaceful_grove, serial_shops,
          shop, minmay_hollow_rounded_squares, uniq_blork_the_orc,
          uniq_crazy_yiuf_cottage
Temple:   minmay_temple_forest_path

Skill      XL: |  1  2  3  4  5  6  7  8 |
---------------+-------------------------+-----
Unarmed Combat | 4 5 6 7 8 9 |  9.6
Dodging        | 3 4 |  4.5
Fighting       | |  1.0
Spellcasting   | |  2.0
Transmutations | |  2.0

Action                   |  1- 3 |  4- 6 |  7- 9 || total
-------------------------+-------+-------+-------++-------
Melee: Unarmed           |    67 |    91 |   130 ||   288
       Constrict         |    15 |    23 |    38 ||    76
       Kick              |    17 |    25 |    36 ||    78
       Tentacles         |    12 |    12 |    13 ||    37
       Punch             |     1 |     7 |     6 ||    14
Throw: Dart              |     1 |    82 |   142 ||   225
       Javelin           |       |       |     6 ||     6
 Cast: Beastly Appendage |    26 |    21 |    35 ||    82
  Use: Scroll            |     3 |     1 |       ||     4
       Potion            |       |     1 |       ||     1
 Stab: Sleeping          |     7 |     5 |     4 ||    16
Armor: Skin              |     1 |     4 |     7 ||    12
Dodge: Dodged            |    17 |    34 |    93 ||   144
